Map: Blackburn LE

Players

DPGCure (Cure) - Winner!

  • Race: Terran Terran
  • League: Master

SpeCial

  • Race: Terran Terran
  • League: Master

Event: TSL 7

VOD

Have the link to the VOD?

Description

Time

  • Played on: June 12, 2021, 10:17 a.m.
  • Length: 8:54

All games in this series

Show
View Real Time Build Order
Export as new Build Order

DPGCure Terran - Winner!

Build Orders:  

Get SALT Encoding   

  12  0:00  SCV  
  13  0:12  SCV  
  14  0:17  Supply Depot  
  14  0:24  SCV  
  15  0:38  SCV  
  15  0:39  Barracks  
  16  0:42  Refinery  
  16  0:50  SCV  
  16  0:52  Refinery  
  17  1:03  SCV  
  18  1:15  SCV  
  19  1:26  Reaper  
  19  1:27  Orbital Command  
  19  1:28  Supply Depot  
  20  1:44  Factory  
  20  1:53  SCV  
  21  1:58  Barracks Reactor  
  21  2:05  SCV  
  22  2:17  SCV  
  22  2:22  Command Center  
  23  2:28  Hellion  
  25  2:31  SCV  
  25  2:35  Reaper x2  
  28  2:41  Supply Depot  
  28  2:43  SCV  
  29  2:49  Hellion  
  31  3:00  Starport  
  31  3:03  SCV  
  32  3:07  Reaper x2  
  34  3:13  Hellion  
  34  3:19  SCV  
  37  3:22  Refinery  
  37  3:31  SCV  
  37  3:34  Orbital Command  
  38  3:35  Factory Tech Lab  
  38  3:36  Starport Tech Lab  
  38  3:39  Marine x2  
  40  3:43  SCV  
  41  3:49  Supply Depot  
  41  4:00  SCV x2  
  43  4:04  Cyclone, Raven  
  43  4:06  Marine  
  43  4:08  Marine  
  50  4:12  SCV  
  50  4:15  SCV  
  52  4:19  Supply Depot  
  52  4:24  SCV  
  52  4:25  Marine  
  52  4:26  Marine  
  52  4:27  SCV  
  56  4:36  SCV, Siege Tank  
  60  4:39  SCV  
  60  4:42  Supply Depot  
  60  4:43  Marine  
  63  4:47  Marine  
  63  4:48  SCV, Raven  
  63  4:51  SCV  
  67  4:56  Supply Depot  
  67  5:00  SCV  
  67  5:01  Marine  
  67  5:03  SCV  
  67  5:05  Marine, Supply Depot  
  71  5:08  Siege Tank  
  71  5:12  SCV  
  75  5:15  SCV  
  76  5:22  Command Center  
  76  5:26  SCV  
  76  5:27  SCV  
  78  5:37  Viking x2, Supply Depot  
  78  5:38  Marine  
  78  5:42  SCV x2  
  82  5:44  Siege Tank  
  82  5:49  Stimpack  
  85  5:52  Refinery  
  84  5:59  Marine  
  84  6:00  SCV x2  
  84  6:01  Supply Depot  
  87  6:07  Viking x2  
  91  6:12  SCV x2  
  91  6:17  Marine  
  94  6:19  Siege Tank  
  94  6:20  Supply Depot  
  88  6:34  SCV x2  
  84  6:40  Viking x2  
  84  6:41  Marine  
  84  6:43  Orbital Command  
  89  6:51  SCV  
  89  6:52  SCV  
  89  6:53  Siege Tank  
  94  6:59  Marine  
  94  7:01  Barracks  
  95  7:02  Barracks  
  95  7:04  SCV x2  
  97  7:12  Orbital Command, Viking x2  
  101  7:16  Marine  
  101  7:19  SCV x2, Engineering Bay  
  101  7:20  Engineering Bay  
  98  7:38  SCV x2  
  98  7:42  Viking x2  
  98  7:43  Marine  
  98  7:44  Siege Tank  
  104  7:45  SCV  
  104  7:50  SCV x2  
  107  7:56  Barracks Reactor  
  107  7:57  Barracks Reactor, SCV  
  107  7:58  Barracks  
  108  8:02  SCV x2  
  107  8:06  Barracks  
  107  8:10  Marine  
  107  8:12  SCV  
  96  8:14  SCV  
  96  8:15  Viking x2  
  96  8:16  SCV  
  100  8:24  SCV  
  100  8:26  SCV  
  102  8:29  SCV  
  102  8:33  Marine x3  
  104  8:36  SCV  
  104  8:38  SCV  
  102  8:41  SCV  
Show
View Real Time Build Order
Export as new Build Order

SpeCial Terran 

Build Orders: Mech 

Get SALT Encoding   

  12  0:00  SCV  
  13  0:12  SCV  
  14  0:17  Supply Depot  
  14  0:24  SCV  
  15  0:39  SCV  
  15  0:41  Barracks  
  16  0:44  Refinery  
  16  0:51  SCV  
  16  0:53  Refinery  
  17  1:03  SCV  
  18  1:15  SCV  
  19  1:28  Reaper, Orbital Command  
  19  1:29  Supply Depot  
  20  1:41  Factory  
  20  1:55  SCV  
  20  2:00  Reaper  
  22  2:07  SCV  
  23  2:18  Command Center  
  23  2:20  SCV  
  24  2:26  Hellion  
  26  2:32  Supply Depot  
  26  2:34  SCV  
  27  2:37  Reaper  
  28  2:46  SCV  
  28  2:47  Hellion  
  31  2:53  Starport  
  31  2:58  SCV  
  32  3:09  Barracks Tech Lab  
  32  3:10  Factory Tech Lab, SCV  
  33  3:23  SCV  
  33  3:24  Refinery  
  34  3:31  Orbital Command  
  34  3:32  Cyclone  
  37  3:35  SCV  
  38  3:42  Raven  
  38  3:47  SCV  
  41  4:01  Command Center  
  39  4:04  Cyclone  
  39  4:09  Marine  
  43  4:11  SCV x2  
  45  4:23  SCV  
  46  4:25  SCV  
  46  4:27  Raven  
  46  4:28  Refinery  
  46  4:31  Barracks Reactor  
  49  4:36  SCV, Supply Depot  
  49  4:37  SCV  
  51  4:46  Siege Tank  
  54  4:57  SCV x2  
  56  5:08  Marine x2  
  56  5:10  SCV x2, Raven  
  62  5:14  Orbital Command  
  62  5:20  Siege Tank  
  65  5:22  SCV  
  65  5:23  SCV  
  65  5:26  Marine x2  
  69  5:29  Engineering Bay  
  69  5:30  Supply Depot  
  69  5:34  SCV  
  70  5:36  SCV  
  70  5:37  Orbital Command  
  69  5:46  SCV  
  69  5:48  SCV  
  71  5:50  Supply Depot  
  71  5:52  Siege Tank  
  71  5:58  SCV  
  71  6:01  SCV  
  73  6:07  Viking x2  
  73  6:08  Factory  
  73  6:10  SCV, Factory  
  78  6:11  SCV  
  78  6:13  SCV  
  78  6:17  Barracks Reactor  
  80  6:21  Missile Turret  
  80  6:22  SCV  
  80  6:23  Refinery, SCV  
  80  6:24  Siege Tank  
  80  6:25  SCV  
  80  6:34  SCV  
  80  6:37  Viking x2  
  76  6:48  SCV x2  
  78  6:58  Siege Tank  
  78  7:00  SCV x2  
  83  7:05  Supply Depot  
  83  7:07  Viking x2  
  87  7:12  SCV, Hellion x2  
  87  7:13  SCV  
  93  7:18  Supply Depot  
  93  7:19  Supply Depot  
  93  7:27  Siege Tank  
  93  7:29  SCV x2  
  96  7:33  Orbital Command  
  96  7:35  Hellion x2  
  91  7:37  Siege Tank  
  91  7:39  Viking  
  91  7:41  SCV  
  91  7:51  SCV  
  92  7:53  SCV  
  92  7:57  Viking  
  95  7:59  SCV, Cyclone  
  95  8:03  SCV  
  95  8:05  SCV  
  101  8:08  Refinery  
  101  8:09  Refinery  
  101  8:11  SCV  
  98  8:14  Hellion x2  
  98  8:15  SCV, Siege Tank  
  95  8:24  SCV x2  
  91  8:28  SCV  
  88  8:36  SCV x2  
  88  8:40  SCV  
Tags
 
Composition
Mech
Event
TSL 7
Matchup
TvT
Race
Terran
Add a new tag
Caveats
  • Supply blocks, unpowered buildings, or Contaminate may cause inaccurate times.
  • Supply counts are checked every 10 seconds.